 Dungeon Crawl Stone Soup version 0.26-a0-708-g17f3b190f9 (webtiles) character file.

Game seed: 10410982553887608764

351 Rennog the Cudgeler (level 6, -3/37 HPs)
             Began as a Gargoyle Fighter on Oct 27, 2020.
             Killed by divine providence
             ... invoked by an orc priest
              (16 damage)
             ... on level 4 of the Dungeon.
             The game lasted 00:04:29 (2869 turns).

Rennog the Cudgeler (Gargoyle Fighter)              Turns: 2869, Time: 00:04:30

Health: -3/37      AC: 16    Str: 20    XL:     6   Next: 61%
Magic:  6/6        EV:  3    Int:  8    God:
Gold:   176        SH:  9    Dex: 11    Spells: 5/5 levels left

rFire    . . .     SeeInvis .   a - +0 flail
rCold    . . .     Faith    .   c - +0 kite shield
rNeg     + . .     Spirit   .   p - +0 plate armour
rPois    ∞         Reflect  .   r - -1 helmet (curse)
rElec    +         Harm     .   (no cloak)
rCorr    .         Rampage  .   (no gloves)
MR       .....                  (no boots)
Stlth    ..........             (no amulet)
HPRegen  0.12/turn              (no ring)
MPRegen  0.10/turn              (no ring)

@: no status effects
A: negative energy resistance 1, electricity resistance, unbreathing,
petrification resistance, rot immunity, AC +4
a: no special abilities


You were on level 4 of the Dungeon.
You visited 1 branch of the dungeon, and saw 4 of its levels.

You collected 176 gold pieces.

Inventory:

Hand Weapons
 a - a +0 flail (weapon)
Armour
 b - a +0 scale mail
 c - a +0 kite shield (worn)
 i - a +0 helmet
 p - a +0 plate armour (worn)
 r - a cursed -1 helmet (worn)
Wands
 q - a wand of acid (10)
Scrolls
 e - 4 scrolls of identify {unknown}
 f - 2 scrolls of teleportation {unknown}
 j - a scroll of fog {unknown}
 l - 2 scrolls of remove curse {unknown}
 m - a scroll of noise {unknown}
 o - a scroll of amnesia {unknown}
Potions
 d - a potion of might
 g - a potion of heal wounds {unknown}
 h - a potion of stabbing {unknown}
 k - a potion of lignification {unknown}
 n - 2 potions of invisibility {unknown}


   Skills:
 - Level 3.2 Fighting
 + Level 6.8 Maces & Flails
 - Level 3.2 Armour
 - Level 3.2 Shields


You had 5 spell levels left.
You didn't know any spells.
Your spell library contained the following spells:

 Spells                   Type           Power        Failure   Level
 Animate Skeleton         Necr           #.....       100%        1
 Apportation              Tloc           #.....       100%        1
 Corona                   Hex            #......      100%        1
 Summon Small Mammal      Summ           #...         100%        1


Dungeon Overview and Level Annotations

Branches:
Dungeon (4/15)
 Temple: D:4-7

Altars:

Annotations:
D:4 1 runed translucent door, Crazy Yiuf


Innate Abilities, Weirdness & Mutations

You are resistant to torment.
Your stone body is resilient. (AC +4)
You are immune to poison.
You resist negative energy. (rN+)
You are resistant to electric shocks. (rElec)
You can survive without breathing.
You are immune to petrification.
You are immune to rotting.


Message History

You block the orc's attack.
You sock the orc!
You kill the orc!
You sock the orc!
You kill the orc!
Your plate armour prevents you from hitting the orc.
You block the orc's attack.
The orc priest calls down the wrath of Beogh upon you.
Beogh smites you!
You are too injured to fight recklessly!
You hit the orc but do no damage. The orc hits you but does no damage.
Your plate armour prevents you from hitting the orc.
You block the orc's attack.
The orc hits you with a +1 short sword of freezing.
The orc freezes you.
You hit the orc but do no damage. You block the orc's attack.
You see here a worker ant corpse.
The orc priest mumbles some strange prayers to Beogh against you.
Beogh smites you!
You die...

#.# #.#.# #....#
#.###.#.#####...#
#.o.†.....# ##.##
##.##.###.# #.#
#.##o## #.# #.#...#
##'## ## #.#.o.#
##.<.## #. #.#...#
##.....## #. #.#.@##
.#...†...###.
#.................##.
#.................'..
##...####.........##.
##.## ##.......###.
#. ##.....## #. #.
##...## #. #. ##+##
##


You could see an orc priest and an orc.

Vanquished Creatures
  A centaur (D:3)
  An orc priest (D:3)
  An orc wizard (D:4)
  2 worker ants (D:4)
  9 adders
  An adder skeleton (D:3)
  A worm (D:2)
  7 orcs
  A giant cockroach (D:1)
  6 goblins
  8 hobgoblins
  11 jackals
  8 kobolds
  4 quokkas
  A ball python (D:2)
  7 bats
  3 frilled lizards
  12 rats
84 creatures vanquished.

Notes
Turn   | Place    | Note
-------+----------+-------------------------------------------
     0 | D:1      | Rennog the Gargoyle Fighter began the quest for the Orb.
     0 | D:1      | Reached XP level 1. HP: 14/14 MP: 1/1
   165 | D:1      | Reached XP level 2. HP: 19/19 MP: 2/2
   342 | D:1      | Reached skill level 3 in Maces & Flails
   748 | D:1      | Reached XP level 3. HP: 12/23 MP: 3/3
  1153 | D:2      | Reached skill level 4 in Maces & Flails
  1222 | D:2      | Reached XP level 4. HP: 28/28 MP: 4/4
  1804 | D:3      | Reached skill level 5 in Maces & Flails
  1804 | D:3      | Reached XP level 5. HP: 23/32 MP: 5/5
  2097 | D:3      | Found a faded altar of an unknown god.
  2124 | D:3      | Noticed a centaur
  2135 | D:3      | Killed a centaur
  2135 | D:3      | Reached skill level 6 in Maces & Flails
  2135 | D:3      | Reached XP level 6. HP: 29/37 MP: 6/6
  2744 | D:4      | Found a runed translucent door.
  2745 | D:4      | Noticed Crazy Yiuf
  2869 | D:4      | Killed from afar by an orc priest

Illustrated notes

Levels and vault maps discovered:
D:1:      lightli_arrival_maybe_door_vault, layout_loops_ring, serial_forest,
          infiniplex_forest_straight_4, infiniplex_forest_lined_room_2,
          infiniplex_forest_3_way, infiniplex_forest_end_1,
          infiniplex_forest_lined_corner, infiniplex_forest_lined_3
D:2:      layout_rooms
D:3:      layout_rooms, chequers_ecumenical_altar_grove, chequers_arboretum
D:4:      layout_loops_corners, uniq_eustachio, uniq_sigmund,
          uniq_crazy_yiuf_cottage

Skill      XL: |  1  2  3  4  5 |
---------------+----------------+-----
Maces & Flails | 3 4 5 6 |  6.8
Fighting       | |  3.2
Armour         | |  3.2
Shields        | |  3.2

Action                   |  1- 3 |  4- 6 || total
-------------------------+-------+-------++-------
Melee: Flail             |   127 |   229 ||   356
Armor: Scale mail        |    82 |     4 ||    86
       Plate armour      |       |   211 ||   211
Dodge: Dodged            |    53 |    38 ||    91
Block: Kite shield       |    75 |   162 ||   237

Table legend: (Time is in decaauts)
 A = Elapsed time spent in this place.
 B = Non-inter-level travel time spent in this place.
 C = Inter-level travel time spent in this place.
 D = Time resting spent in this place.
 E = Time spent auto-exploring this place.
 F = Levels seen in this place.
 G = Mean time per level.
                   A        B        C        D        E       F      G
               +--------+--------+--------+--------+--------+-----+--------+
         Total |   2960 |   2802 |    158 |    339 |   1782 |   4 |  740.0 |
       Dungeon |   2960 |   2802 |    158 |    339 |   1782 |   4 |  740.0 |
               +--------+--------+--------+--------+--------+-----+--------+

Top non-repeatable levels by time:
     D:2: 919 daAuts
     D:1: 910 daAuts
     D:3: 804 daAuts
     D:4: 326 daAuts
